 Dungeon Crawl Stone Soup version 0.19.5 (webtiles) character file.

501 Wander the Chopper (level 6, -15/50 HPs)
             Began as a Deep Dwarf Artificer on Apr 1, 2017.
             Was an Initiate of the Shining One.
             Demolished by an ogre
             ... wielding a +0 giant club
              (18 damage)
             ... on level 5 of the Dungeon.
             The game lasted 00:14:11 (3817 turns).

Wander the Chopper (Deep Dwarf Artificer)           Turns: 3817, Time: 00:14:12

Health: -15/50     AC:  8    Str: 18    XL:     6   Next: 95%
Magic:  9/9        EV:  3    Int: 11    God:    the Shining One [......]
Gold:   185        SH: 16    Dex: 13    Spells: 0 memorised, 5 levels left

rFire  . . .     SeeInvis .     y - +0 war axe
rCold  . . .     Gourm    .     p - +0 chain mail
rNeg   . . .     Faith    .     n - +2 large shield
rPois  +         Spirit   .     (no helmet)
rElec  .         Reflect  .     (no cloak)
rCorr  .         Harm     .     (no gloves)
MR     .....                    (no boots)
Stlth  ..........               (no amulet)
                                w - ring of stealth
                                C - ring of poison resistance

@: non-regenerating, glowing
A: damage resistance, recharge devices, sense surroundings 1, slow regeneration
3
a: Device Recharging, Renounce Religion


You were on level 5 of the Dungeon.
You worshipped the Shining One.
The Shining One was noncommittal.
You were not hungry.

You visited 1 branch of the dungeon, and saw 5 of its levels.

You collected 185 gold pieces.

Inventory:

Hand Weapons
 a - a +0 hunting sling
 b - a +0 whip
 y - a +0 war axe (weapon)
Missiles
 u - 60 stones (quivered)
Armour
 n - a +2 large shield (worn)
 p - a +0 chain mail (worn)
Jewellery
 l - an uncursed ring of loudness
 w - a ring of stealth (right hand)
 A - an uncursed ring of see invisible
 C - a ring of poison resistance (left hand)
Wands
 c - a wand of flame (0/48)
 d - a wand of enslavement (14/24)
 e - a wand of random effects (15/48)
 f - a wand of heal wounds (2/9)
Scrolls
 h - 4 scrolls of remove curse
 k - 4 scrolls of identify {unknown}
 m - a scroll of recharging {unknown}
 o - 2 scrolls of teleportation {unknown}
 z - a scroll of noise {unknown}
Potions
 i - a potion of curing {unknown}
 j - 3 potions of haste {unknown}
 s - 2 potions of magic {unknown}
 t - a potion of cancellation {unknown}
 v - a potion of brilliance {unknown}
 x - 2 potions of heal wounds {unknown}
Books
 B - a book of Changes

   Spells                             Type                      Level
   a - Beastly Appendage              Transmutation                1
   b - Sticks to Snakes               Transmutation                2
   c - Spider Form                    Transmutation/Poison         3
   d - Ice Form                       Ice/Transmutation            4
   e - Blade Hands                    Transmutation                5
Comestibles
 g - 3 bread rations
 q - 3 meat rations
 r - a slice of pizza


   Skills:
 - Level 0.8 Fighting
   Level 2.1 Short Blades
 * Level 4.6(5.0) Axes
 - Level 2.2(3.5) Maces & Flails
 - Level 2.1 Slings
 - Level 2.1 Dodging
 - Level 1.2 Stealth
 + Level 4.2 Shields
 - Level 4.0 Evocations


You had 5 spell levels left.
You didn't know any spells.

Dungeon Overview and Level Annotations

Branches:
Dungeon (5/15)
 Temple: D:4-7

Altars:
Elyvilon
Okawaru
Vehumet
Xom
The Shining One


Innate Abilities, Weirdness & Mutations

You are resistant to damage.
You can recharge devices by infusing magical energy.
You passively map a small area around you.
You do not regenerate.


Message History

No target in view!
No target in view!
No target in view!
An ogre comes into view. It is wielding a giant club.
The ogre shouts!
You slash the ogre!
The ogre is moderately wounded.
The ogre hits you with a giant club!
You slash the ogre!
The ogre is severely wounded.
The ogre hits you with a giant club!
You hit the ogre but do no damage.
The ogre is severely wounded.
The ogre hits you with a giant club!
* * * LOW HITPOINT WARNING * * *
You are too injured to fight recklessly!
You hit the ogre.
The ogre is almost dead.
The ogre hits you with a giant club!!
You die...

, , , *, , , ,#. .... ,
, ,,, *, , #.# ...# ,#
#######.##...##.#
,#................ ,,
#................ , ,
#................ , ,,
#................
#........@O...... ,,
#...##..##..##..#
########...##..##..# ,
..................... ,
...............)...... ,
*
....<...................
,
........................
........................
##...##...###....#### ,


You could see an ogre.

Vanquished Creatures
  Sigmund (D:3)
  A phantom (D:4)
  A jelly (D:5)
  A hound (D:4)
  Ijyb (D:3)
  Terence (D:3)
  2 worker ants (D:4)
  3 orc wizards
  3 gnolls (D:5)
  2 adders
  2 oozes
  3 worms
  4 dart slugs
  9 orcs
  2 ball pythons
  4 giant cockroaches
  7 goblins
  3 hobgoblins
  13 jackals
  2 quokkas
  7 bats
  7 frilled lizards
  3 kobolds (D:1)
  A leopard gecko skeleton (D:5)
  7 rats
90 creatures vanquished.

Vanquished Creatures (collateral kills)
  An adder (D:3)
  A frilled lizard (D:3)
  2 rats (D:3)
4 creatures vanquished.

Grand Total: 94 creatures vanquished

Notes
Turn   | Place    | Note
-------+----------+-------------------------------------------
     0 | D:1      | Wander the Deep Dwarf Artificer began the quest for the Orb.
     0 | D:1      | Reached XP level 1. HP: 16/16 MP: 3/3
    88 | D:1      | Reached skill level 1 in Short Blades
   353 | D:1      | Reached XP level 2. HP: 24/24 MP: 5/5
   640 | D:1      | Reached skill level 1 in Maces & Flails
  1059 | D:2      | Reached XP level 3. HP: 15/30 MP: 6/6
  1320 | D:2      | Reached skill level 1 in Shields
  1334 | D:2      | Found an iron altar of Okawaru.
  1531 | D:2      | Found a glowing golden altar of the Shining One.
  1544 | D:2      | Became a worshipper of the Shining One
  1903 | D:3      | Reached skill level 1 in Slings
  1903 | D:3      | Reached XP level 4. HP: 28/37 MP: 7/7
  1943 | D:3      | Noticed Ijyb
  1960 | D:3      | Killed Ijyb
  1986 | D:3      | Found a radiant altar of Vehumet.
  2015 | D:3      | Noticed Sigmund
  2054 | D:3      | Killed Sigmund
  2074 | D:3      | Reached XP level 5. HP: 25/43 MP: 8/8
  2101 | D:3      | Noticed Terence
  2113 | D:3      | Killed Terence
  2113 | D:3      | Reached skill level 1 in Axes
  2517 | D:3      | Found a shimmering altar of Xom.
  2517 | D:3      | Found a faded altar of an unknown god.
  2522 | D:3      | Found a faded altar of an unknown god.
  2524 | D:3      | Found a faded altar of an unknown god.
  2525 | D:3      | Found a faded altar of an unknown god.
  2915 | D:4      | Noticed a phantom
  2936 | D:4      | Killed a phantom
  2936 | D:4      | Reached XP level 6. HP: 37/50 MP: 9/9
  3305 | D:4      | Found a white marble altar of Elyvilon.
  3646 | D:5      | Entered Level 5 of the Dungeon
  3817 | D:5      | Demolished by an ogre

Skill      XL: |  1  2  3  4  5  6 |
---------------+-------------------+-----
Short Blades   | 1 2 |  2.1
Maces & Flails | 1 2 |  2.2
Shields        | 1 2 3 4 |  4.2
Slings         | 1 2 |  2.1
Axes           | 2 4 |  4.6
Fighting       | |  0.8
Dodging        | |  2.1
Stealth        | |  1.2
Evocations     | |  4.0

Action                   |  1- 3 |  4- 6 || total
-------------------------+-------+-------++-------
Melee: Short sword       |    40 |       ||    40
       Whip              |   170 |    22 ||   192
       Club              |    17 |       ||    17
       War axe           |       |   178 ||   178
 Fire: Hunting sling     |    22 |    11 ||    33
Evoke: Wand              |     9 |    10 ||    19
  Use: Scroll            |       |     1 ||     1
  Eat: Chunk             |     2 |     8 ||    10
Armor: Scale mail        |    43 |       ||    43
       Chain mail        |    78 |   104 ||   182
Dodge: Dodged            |    54 |    13 ||    67
Block: Large shield      |   112 |   182 ||   294
